 Dungeon Crawl Stone Soup version 0.28.0-45-g0d030f2227 (webtiles) character file.

Game seed: 11622414527883851882

60 NinjaNoafa the Ruffian (level 3, -1/29 HPs)
             Began as a Draconian Transmuter on Apr 7, 2022.
             Frozen to death by an endoplasm (2 damage)
             ... on level 2 of the Dungeon.
             The game lasted 00:03:23 (1506 turns).

NinjaNoafa the Ruffian (Draconian Transmuter)       Turns: 1506, Time: 00:03:23

Health: -1/29      AC:  5    Str: 14    XL:     3   Next: 82%
Magic:  6/6        EV: 12    Int: 13    God:
Gold:   113        SH:  0    Dex: 11    Spells: 5/6 levels left

rFire   + . .      SeeInvis .   i - +2 short sword (vamp)
rCold   + . .      Faith    .   (no shield)
rNeg    . . .      Spirit   .   (armour unavailable)
rPois   +          Reflect  .   (helmet restricted)
rElec   +          Harm     .   (no cloak)
rCorr   +          Rampage  .   (no gloves)
Will    .....                   (no boots)
Stlth   +.........              (no amulet)
HPRegen 0.09/turn               (no ring)
MPRegen 0.10/turn               (no ring)

@: resistant, flying, slowed, very slow
A: AC +5, unfitting armour, cold-blooded
a: no special abilities


You were on level 2 of the Dungeon.
You visited 1 branch of the dungeon, and saw 2 of its levels.

You collected 113 gold pieces.

Inventory:

Hand Weapons
 i - a +2 vampiric short sword (weapon)
Missiles
 d - 3 poisoned darts
 g - 25 stones
Scrolls
 a - a scroll of teleportation {unknown}
 b - a scroll of amnesia {unknown}
 f - a scroll of identify {unknown}
 j - a scroll of fear {unknown}
Potions
 c - a potion of resistance
 h - a potion of degeneration {unknown}


   Skills:
 + Level 1.9 Fighting
 + Level 2.5 Dodging
 - Level 3.3 Unarmed Combat
 + Level 2.3 Spellcasting
 + Level 0.1 Conjurations
 + Level 2.4 Transmutations
 + Level 0.1 Fire Magic


You had 5 spell levels left.
You knew the following spells:

 Your Spells              Type           Power      Damage    Failure   Level
a - Beastly Appendage     Tmut           14%        N/A       10%         1

Your spell library contained the following spells:

 Spells                   Type           Power      Damage    Failure   Level
 Wereblood                Tmut           7%         N/A       14%         2
 Foxfire                  Conj/Fire      4%         2x1d4     24%         1
 Spider Form              Tmut/Pois      4%         N/A       41%         3
 Conjure Flame            Conj/Fire      1%         6-21      56%         3
 Inner Flame              Hex/Fire       1%         N/A       58%         3
 Ice Form                 Ice/Tmut       4%         N/A       83%         4
 Flame Wave               Conj/Fire      1%         2d4       93%         4


Dungeon Overview and Level Annotations

Branches:
Dungeon (2/15)

Altars:


Innate Abilities, Weirdness & Mutations

Your plain brown scales are hard. (AC +5)
You cannot fit into any form of body armour.
You are cold-blooded and may be slowed by cold attacks.


Message History

You are frozen.
You feel as though you will be slow longer.
The kobold throws a stone.
The stone barely misses you. The endoplasm freezes you.
You are frozen.
The endoplasm hits you. The kobold hits you but does no damage.
The endoplasm freezes you.
You are frozen.
The endoplasm hits you but does no damage.
You see here a dart slug corpse.
You hit the kobold.
You feel better.
The kobold is moderately wounded.
The kobold hits you with a +0 short sword.
The endoplasm hits you. The endoplasm freezes you.
You are frozen.
You feel as though you will be slow longer.
The kobold hits you but does no damage. The endoplasm freezes you.
You are frozen.
* * * LOW HITPOINT WARNING * * *
The endoplasm barely misses you. The endoplasm closely misses you. x2
Okay, then.
It was a potion of resistance.
You feel protected. The kobold barely misses you. The endoplasm hits you.
* * * LOW HITPOINT WARNING * * *
The endoplasm freezes you.
You are frozen.
You resist.
* * * LOW HITPOINT WARNING * * *
The kobold hits you with a +0 short sword.
* * * LOW HITPOINT WARNING * * *
The endoplasm closely misses you. The endoplasm barely misses you.
It was a potion of flight.
You feel very buoyant.
You fly up into the air.
The endoplasm freezes you.
You are frozen.
You resist.
You die...

....# ... #........
#+### # #........
#.# #. #........ #.#
#[. #........ #.#
###.# #........ ..#
#!#..### #........
### ##.##...####
###'##### #####..
###..J###.$..#####.#
......#
#[..⌠KJ@...).......#
#####..
###...###)...#####.#
....###
##.##...####.....#
###...##
#$#..###....#####
###..#
###.##.........#
##.##
#..#..#.......# #..#
.#.##.##.......#
##.##
.#.#..##...<...#
#..#
...#.####....#.#


You could see 2 endoplasms and a kobold.

Vanquished Creatures
  2 adders (D:2)
  A worm (D:2)
  2 dart slugs
  2 bats (D:2)
  4 endoplasms
  2 giant cockroaches
  3 goblins
  6 hobgoblins
  4 ball pythons
  A frilled lizard (D:1)
  2 kobolds (D:2)
  7 rats
36 creatures vanquished.

Notes
Turn   | Place    | Note
-------+----------+-------------------------------------------
     0 | D:1      | NinjaNoafa the Draconian Transmuter began the quest for the
                  | Orb.
     0 | D:1      | Reached XP level 1. HP: 16/16 MP: 3/3
   315 | D:1      | Reached XP level 2. HP: 23/23 MP: 5/5
   319 | D:1      | Found a faded altar of an unknown god.
   862 | D:2      | Reached XP level 3. HP: 27/29 MP: 6/6
  1504 | D:2      | HP: 1/29 [kobold/+0 short sword (3)]
  1506 | D:2      | Frozen to death by an endoplasm

Illustrated notes

Levels and vault maps discovered:
D:1:      dpeg_arrival_shelter, layout_rooms,
          hellmonk_ecumenical_altar_inner_sanctum
D:2:      minmay_general_purpose_star, layout_basic, minmay_quantized

Skill      XL: |  1 |
---------------+----+-----
Dodging        | 2 |  2.5
Fighting       | |  1.9
Unarmed Combat | |  3.3
Spellcasting   | |  2.3
Conjurations   | |  0.1
Transmutations | |  2.4
Fire Magic     | |  0.1

Action                   || total
-------------------------++-------
Melee: Unarmed           ||    82
       Kick              ||    16
       Headbutt          ||     7
       Tailslap          ||     7
       Short sword       ||    17
 Cast: Beastly Appendage ||    10
  Use: Potion            ||     2
 Stab: Sleeping          ||     1
Armor: Skin              ||    25
Dodge: Dodged            ||    76
